 Dungeon Crawl Stone Soup version 0.29-a0-506-ga2e7fffb44 (console) character file.

Game seed: 5380091620559181109

320 norie the Skirmisher (level 6, 0/51 HPs)
             Began as a Mummy Wanderer on May 29, 2022.
             Slain by an iguana (11 damage)
             ... on level 4 of the Dungeon.
             The game lasted 00:11:27 (6924 turns).

norie the Skirmisher (Mummy Wanderer)               Turns: 6924, Time: 00:11:27

Health: 0/51       AC: 16    Str: 13    XL:     6   Next: 22%
Magic:  10/10      EV: -1    Int: 16    God:
Gold:   152        SH:  0    Dex: 11    Spells: 10/11 levels left

rFire   . . .      SeeInvis .   o - +0 war axe
rCold   + + .      Faith    .   (no shield)
rNeg    + + +      Spirit   .   k - +0 gold dragon scales
rPois   ∞          Reflect  .   j - +2 hat
rElec   .          Harm     .   (no cloak)
rCorr   .          Rampage  .   b - +0 pair of gloves
Will    .....                   (no boots)
Stlth   ..........              (no amulet)
HPRegen 0.17/turn               (no ring)
MPRegen 0.12/turn               (no ring)

@: about to teleport
A: cold resistance 1, negative energy resistance 3, torment resistance 2, heat
vulnerability 1, in touch with death 1, no potions
a: no special abilities


You were on level 4 of the Dungeon.
You visited 1 branch of the dungeon, and saw 5 of its levels.

You collected 152 gold pieces.

Inventory:

Hand Weapons
 f - a +0 hand axe
 o - a +0 war axe (weapon)
Armour
 b - a +0 pair of gloves (worn)
 d - a +0 robe
 g - a +0 chain mail
 j - a +2 hat (worn)
 k - +0 gold dragon scales (worn)
Jewellery
 n - a +4 ring of protection
Scrolls
 a - 2 scrolls of identify
 c - a scroll of teleportation
 e - 2 scrolls of silence
 h - a scroll of amnesia
 i - a scroll of enchant armour
 l - a scroll of enchant weapon
 m - a scroll of magic mapping


   Skills:
 - Level 5.0 Fighting
 + Level 1.2 Axes
 - Level 1.0 Throwing
 + Level 2.6 Armour
 - Level 1.5 Dodging
 - Level 3.0 Spellcasting
 - Level 2.0 Summonings
 - Level 1.0 Evocations


You had 10 spell levels left.
You knew the following spells:

 Your Spells              Type           Power      Damage    Failure   Level
a - Summon Small Mammal   Summ           36%        N/A       100%        1

Your spell library contained the following spells:

 Spells                   Type           Power      Damage    Failure   Level
 Animate Armour           Summ/Erth      10%        N/A       100%        4
 Summon Lightning Spire   Summ/Air       5%         N/A       100%        4


Dungeon Overview and Level Annotations

Branches:
Dungeon (5/15)
 Temple: D:4-7

Altars:
Sif Muna

Shops:
D:1 (   D:4 :

Annotations:
D:3 Sigmund
D:4 1 runed translucent door, DocClef's ghost, amateur GnDe


Innate Abilities, Weirdness & Mutations

You are immune to poison.
Your flesh is cold resistant. (rC+)
You are immune to negative energy. (rN+++)
You are immune to unholy pain and torment.
You are vulnerable to heat. (rF-)
You are in touch with the powers of death.
You do not drink.


Message History

o - a +0 war axe
o - a +0 war axe (weapon)
The iguana bites you but does no damage.
You barely miss the iguana.
The iguana bites you but does no damage.
You closely miss the iguana.
The iguana bites you but does no damage.
An orc comes into view. It is wielding a +0 whip.
You closely miss the iguana. The iguana bites you!
An adder comes into view.
The iguana bites you.
An orc comes into view. It is wielding a +0 dagger.
You hit the iguana but do no damage. The iguana bites you.
The iguana bites you but does no damage.
There is a stone staircase leading up here.
The iguana bites you!
You climb upwards.
Level annotation: 1 runed translucent door, DocClef's ghost, amateur GnDe
There is a stone staircase leading down here.
The iguana bites you!
You hit the iguana but do no damage.
The iguana bites you but does no damage.
The iguana bites you.
You closely miss the iguana.
The iguana bites you but does no damage.
You hit the iguana but do no damage.
The iguana bites you but does no damage.
The iguana bites you.
You hit the iguana.
The iguana is lightly wounded.
The iguana bites you!
* * * LOW HITPOINT WARNING * * *
As you read the scroll of teleportation, it crumbles to dust.
You feel strangely unstable.
The iguana bites you but does no damage.
You see here a +0 hand axe.
The iguana attacks as you move away!
The iguana bites you but does no damage.
The iguana attacks as you move away! The iguana bites you!
You die...

.........####.....<#.#####..#..##
.....###......####.### #.......
.....# ######)####.# ##.##...
....## ##.##....#.# ##.#####
.##.# ##........#.## #......#
.##.# ##............#### #..###.#
....# #................###..###.#
.#### ##.....#.#.l).............#
## #.......#@##>...##>..#...#
#.#..................#...#
#.#.##.###.......#.......#
#.#....# #.......#.#......
#.###..# #.......#......#.
#.###..# #.......###.##.#.
#......# #.......# #....#.
#####.## #.......# #.(###.
#.####.......# #..###.


You could see an iguana.

Vanquished Creatures
  A phantom (D:2)
  2 iguanas (D:4)
  6 gnolls
  5 adders (D:2)
  2 worms (D:3)
  A dart slug (D:1)
  8 orcs
  2 ball pythons
  8 bats
  4 endoplasms
  3 giant cockroaches
  6 hobgoblins
  3 jackals
  3 quokkas
  A frilled lizard (D:1)
  8 goblins
  7 kobolds
  2 rats
72 creatures vanquished.

Vanquished Creatures (collateral kills)
  A worm (D:2)
  An endoplasm (D:2)
  A jackal (D:1)
3 creatures vanquished.

Grand Total: 75 creatures vanquished

Notes
Turn   | Place    | Note
-------+----------+-------------------------------------------
     0 | D:1      | norie the Mummy Wanderer began the quest for the Orb.
     0 | D:1      | norie set off with the following items: a +0 club, a +0
                  | pair of gloves, a scroll of teleportation, a +0 robe, a
                  | scroll of silence; and the following spell memorised:
                  | Summon Small Mammal; and the following spells available to
                  | memorise: Animate Armour, Summon Lightning Spire
     0 | D:1      | Reached XP level 1. HP: 18/18 MP: 2/2
    59 | D:1      | Found Zaekkemm's Weapon Shoppe.
   288 | D:1      | Found a faded altar of an unknown god.
   408 | D:1      | Reached XP level 2. HP: 24/24 MP: 0/4
   878 | D:1      | Reached skill level 4 in Fighting
  1533 | D:2      | Gained mutation: You are in touch with the powers of death.
                  | [Mummy growth]
  1533 | D:2      | Reached XP level 3. HP: 21/30 MP: 1/6
  2135 | D:2      | Reached XP level 4. HP: 37/37 MP: 5/8
  2900 | D:3      | Noticed Sigmund
  3605 | D:3      | Reached skill level 1 in Armour
  3995 | D:3      | Reached XP level 5. HP: 20/43 MP: 9/9
  4409 | D:3      | Found a shimmering blue altar of Sif Muna.
  4477 | D:4      | Found a runed translucent door.
  4477 | D:4      | Noticed DocClef's ghost (amateur GnDe)
  4487 | D:4      | Noticed an ogre
  4754 | D:4      | Noticed a phantom
  4837 | D:2      | Killed a phantom
  4838 | D:2      | Reached skill level 5 in Fighting
  5352 | D:4      | Found Ibecass's Book Shop.
  5499 | D:4      | Reached XP level 6. HP: 23/51 MP: 10/10
  5808 | D:5      | Entered Level 5 of the Dungeon
  5824 | D:4      | HP: 1/51 [iguana (6)]
  6373 | D:4      | Reached skill level 1 in Axes
  6924 | D:4      | Slain by an iguana

Illustrated notes

Levels and vault maps discovered:
D:1:      dpeg_arrival_ternary, layout_basic,
          ebering_ecumenical_altar_abandoned, serial_shops,
          nicolae_shop_bloodbath_and_beyond, st_stairs_12
D:2:      layout_basic, hangedman_decor_peaks_small, minmay_close_crescents
D:3:      layout_loops_ring, nicolae_sif_muna_little_library,
          kennysheep_generic_room_12, uniq_sigmund
D:4:      layout_loops_cross, serial_shops, shop, hellmonk_ghost_happy_afterlife
D:5:      layout_loops_cross, serial_rivers, chequers_serial_rivers_micro_d,
          chequers_serial_rivers_small_b, chequers_serial_rivers_large_b,
          chequers_serial_rivers_micro_c, chequers_serial_rivers_micro_e,
          chequers_serial_rivers_room_a, kennysheep_another_room,
          corexii_checkpoint_b, minmay_checkerbox

Skill      XL: |  1  2  3  4  5  6 |
---------------+-------------------+-----
Fighting       | 4 5 |  5.0
Spellcasting   | 2 3 |  3.0
Summonings     | 2 |  2.0
Armour         | 1 2 |  2.6
Axes           | 1 |  1.2
Throwing       | |  1.0
Dodging        | |  1.5
Evocations     | |  1.0

Action                   |  1- 3 |  4- 6 || total
-------------------------+-------+-------++-------
Melee: Hand axe          |    80 |   263 ||   343
       Club              |     5 |       ||     5
       Punch             |       |     3 ||     3
       War axe           |       |     8 ||     8
 Cast: Summon Small Mamm |    35 |       ||    35
  Use: Scroll            |       |     8 ||     8
 Stab: Distracted        |     1 |       ||     1
Armor: Robe              |    21 |     5 ||    26
       Gold dragon scale |       |   293 ||   293
Dodge: Dodged            |    66 |    23 ||    89

Table legend: (Time is in decaauts)
 A = Elapsed time spent in this place.
 B = Non-inter-level travel time spent in this place.
 C = Inter-level travel time spent in this place.
 D = Time resting spent in this place.
 E = Time spent auto-exploring this place.
 F = Levels seen in this place.
 G = Mean time per level.
                   A        B        C        D        E       F      G
               +--------+--------+--------+--------+--------+-----+--------+
         Total |   7043 |   6436 |    607 |   2514 |   2411 |   5 | 1408.6 |
       Dungeon |   7043 |   6436 |    607 |   2514 |   2411 |   5 | 1408.6 |
               +--------+--------+--------+--------+--------+-----+--------+

Top non-repeatable levels by time:
     D:2: 2347 daAuts
     D:3: 1844 daAuts
     D:4: 1596 daAuts
     D:1: 1206 daAuts
     D:5: 47 daAuts
